 Dungeon Crawl Stone Soup version 0.17-a0-995-gb5fa8d7 (webtiles) character file.

29 dirtyvader the Digger (level 3, -2/19 HPs)
             Began as a Gargoyle Earth Elementalist on May 12, 2015.
             Slain by Robin
             ... wielding a +0 mace
              (3 damage)
             ... on level 2 of the Dungeon.
             The game lasted 00:06:30 (1706 turns).

dirtyvader the Digger (Gargoyle Earth Elementalist) Turns: 1706, Time: 00:06:30

Health: -2/19      AC:  6    Str: 11    XL:     3   Next: 16%
Magic:  3/7        EV: 12    Int: 16    God:
Gold:   53         SH:  0    Dex: 10    Spells: 3 memorised, 1 level left

rFire  . . .     SeeInvis .     h - +0 whip
rCold  . . .     Clarity  .     b - +0 robe
rNeg   + . .     SustAb   .     (no shield)
rPois  ∞         Gourm    .     (no helmet)
rElec  +         Spirit   .     (no cloak)
rCorr  .         Warding  .     f - +0 pair of gloves
rMut   .         Stasis   .     (no boots)
MR     .....                    (no amulet)
Stlth  ++........               (no ring)
                                (no ring)

@: very slightly contaminated, not resistant to hostile enchantments, unstealthy
A: negative energy resistance 1, electricity resistance, unbreathing,
petrification resistance, rot immunity, AC +3
a: no special abilities


You were on level 2 of the Dungeon.
You were full.

You visited 1 branch of the dungeon, and saw 2 of its levels.

You collected 53 gold pieces.

Inventory:

Hand weapons
 e - a +0 dagger
 h - a +0 whip (weapon)
Missiles
 a - 27 stones (quivered)
Armour
 b - a +0 robe (worn)
 f - a +0 pair of gloves (worn)
 l - a +0 pair of gloves
Scrolls
 g - a scroll of identify {unknown}
 j - 2 scrolls of magic mapping {unknown}
 m - a scroll of fog {unknown}
Potions
 i - a potion of flight {unknown}
 p - a potion of might {unknown}
 q - a potion of cure mutation {unknown}
Books
 c - a book of Geomancy

   Spells                             Type                      Level
   a - Sandblast                      Earth                        1
   b - Stoneskin                      Transmutation/Earth          2
   c - Passwall                       Transmutation/Earth          3
   d - Stone Arrow                    Conjuration/Earth            3
   e - Petrify                        Transmutation/Earth          4
   f - Lee's Rapid Deconstruction     Earth                        5
Comestibles
 d - a bread ration


   Skills:
 - Level 1.5 Dodging
 - Level 2.1 Stealth
 * Level 2.9 Spellcasting
 - Level 0.7 Transmutations
 + Level 4.1 Earth Magic


You had one spell level left.
You knew the following spells:

 Your Spells              Type           Power        Failure   Level  Hunger
a - Sandblast             Erth           ###...       4%          1    #......
b - Stoneskin             Trmt/Erth      ##......     12%         2    ##.....
c - Stone Arrow           Conj/Erth      #.....       28%         3    ###....


Dungeon Overview and Level Annotations

Branches:
Dungeon (2/15)

Altars:

Annotations:
D:2 Robin


Innate Abilities, Weirdness & Mutations

You are resistant to torment.
Your stone body is resilient (AC +3).
You are immune to poison.
You resist negative energy.
You are resistant to electric shocks.
You can survive without breathing.
You are immune to petrification.
You are immune to rotting.


Message History

Robin barely misses you.
The hobgoblin hits you but does no damage.
You barely miss the hobgoblin.
The hobgoblin is heavily wounded.
Robin barely misses you. The hobgoblin closely misses you.
You closely miss the hobgoblin.
The hobgoblin is heavily wounded.
Robin roars a battlecry!
Robin hits you with a mace.
* * * LOW HITPOINT WARNING * * *
The hobgoblin misses you.
You hit the hobgoblin.
The hobgoblin is almost dead.
Robin hits you with a mace.
* * * LOW HITPOINT WARNING * * *
The hobgoblin barely misses you.
You barely miss the hobgoblin.
The hobgoblin is almost dead.
Robin hits you with a mace.
You die... #.##.### ####. ###.##... #. #...... ..## #. #.#.#..##.# ## #. ####.#.#..##.# g.g

#. ..........##.##.g
#. ......>.....#...rg.
####.
............####g#
..#. ...# #.....g@#
#.#. ..?# # ##.######
####.#. ..)#.# #.# #
#...... ...#.# #.#
#.#.##.## ...#.# #.#
#.#.##.# .....### #.#
#.>....# .......#
#^###############.####
#......#
#.......#.........#
.......#
#######...#########


You could see Robin, a quokka and 2 hobgoblins.

Vanquished Creatures
  An ooze (D:2)
  A giant gecko (D:1)
  2 ball pythons (D:1)
  5 hobgoblins
  2 bats
  A giant newt (D:1)
  4 goblins
  4 kobolds
  2 rats
22 creatures vanquished.

Notes
Turn   | Place    | Note
--------------------------------------------------------------
     0 | D:1      | dirtyvader the Gargoyle Earth Elementalist began the quest for the Orb.
     0 | D:1      | Reached XP level 1. HP: 10/10 MP: 3/3
   544 | D:1      | Reached XP level 2. HP: 15/15 MP: 1/5
   717 | D:1      | You fall through a shaft!
  1061 | D:1      | Learned a level 2 spell: Stoneskin
  1410 | D:2      | Noticed Robin
  1499 | D:2      | Reached skill level 4 in Earth Magic
  1565 | D:2      | Reached XP level 3. HP: 19/19 MP: 4/7
  1570 | D:2      | Learned a level 3 spell: Stone Arrow
  1706 | D:2      | Slain by Robin

Vault maps used:
D:1:      elethiomel_arrival_quiet
D:2:      minivault_23, kennysheep_generic_room_13, uniq_natasha, uniq_robin

Action                   || total
-------------------------++-------
Melee: Dagger            ||     3
       Whip              ||    35
 Cast: Sandblast         ||    38
 Stab: Sleeping          ||     1
  Eat: Chunk             ||     2
       Meat ration       ||     1
